 Dungeon Crawl Stone Soup version 0.30-a0-137-gd8773701ce (webtiles) character file.

Game seed: 7715601478033710495

40 KennySheep the Digger (level 3, 0/28 HPs)
             Began as a Naga Earth Elementalist on Sept 22, 2022.
             Was an Initiate of Yredelemnul.
             Slain by a gnoll
             ... wielding a +0 halberd
              (7 damage)
             ... on level 2 of the Dungeon.
             The game lasted 00:11:23 (1773 turns).

KennySheep the Digger (Naga Earth Elementalist)     Turns: 1773, Time: 00:11:24

Health: 0/28       AC:  2    Str: 10    XL:     3   Next: 50%
Magic:  4/6        EV:  5    Int: 15    God:    Yredelemnul [......]
Gold:   54         SH:  0    Dex: 13    Spells: 3/6 levels left

rFire   . . .      SeeInvis +    e - +1 dagger
rCold   . . .      Faith    .    (no shield)
rNeg    . . .      Spirit   .    a - +0 robe
rPois   +          Reflect  .    (no helmet)
rElec   .          Harm     .    (no cloak)
rCorr   .          Rampage  .    (no gloves)
Will    .....                    (no barding)
Stlth   ++........               (no amulet)
HPRegen 0.09/turn                (no ring)
MPRegen 0.10/turn                (no ring)

@: held, very slow
A: AC +1, large, see invisible, deformed body, poison resistance, slowness 2,
spit poison 1, naga tail 1
a: Spit Poison, Renounce Religion, Recall Undead Harvest


You were on level 2 of the Dungeon.
You worshipped Yredelemnul.
Yredelemnul was noncommittal.
You visited 1 branch of the dungeon, and saw 2 of its levels.

You collected 54 gold pieces.

Inventory:

Hand Weapons
 e - a +1 dagger (weapon)
Armour
 a - a +0 robe (worn)
Scrolls
 c - a scroll of enchant weapon
 d - 2 scrolls of fog
 h - 2 scrolls of identify
 i - a scroll of enchant armour {unknown}
 j - a scroll of amnesia {unknown}
 k - a scroll of immolation {unknown}
Potions
 b - a potion of magic
 f - a potion of berserk rage {unknown}
 g - a potion of lignification {unknown}


   Skills:
 + Level 0.1 Fighting
 + Level 0.0 Short Blades
 + Level 1.5 Dodging
 * Level 3.1 Stealth
 - Level 2.0 Spellcasting
 - Level 2.3 Transmutations
 + Level 3.7 Earth Magic


You had 3 spell levels left.
You knew the following spells:

 Your Spells              Type           Power      Damage    Failure   Level
a - Sandblast             Erth           24%        2d8       4%          1
b - Passwall              Tmut/Erth      8%         N/A       10%         2

Your spell library contained the following spells:

 Spells                   Type           Power      Damage    Failure   Level
 Stone Arrow              Conj/Erth      14%        3d7       30%         3
 Static Discharge         Conj/Air       2%         2-3/arc   32%         2
 Petrify                  Tmut/Erth      10%        N/A       54%         4
 Anguish                  Hex/Necr       0%         N/A       91%         4
 Arcjolt                  Conj/Air       0%         1d10      99%         5
 Lightning Bolt           Conj/Air       0%         1d11      99%         5
 Enfeeble                 Hex            0%         N/A       100%        7
 Maxwell's Capacitive Co  Air            0%         ∞         100%        8


Dungeon Overview and Level Annotations

Branches:
Dungeon (2/15)

Altars:
Yredelemnul

Annotations:
D:1 1 runed translucent door


Innate Abilities, Weirdness & Mutations

Your serpentine skin is tough. (AC +1)
You have supernaturally acute eyesight. (SInv)
Armour fits poorly on your strangely shaped body.
Your system is resistant to poisons. (rPois)
You cover ground very slowly.
You can spit poison.
You have a snake-like lower body.


Message History

Aiming: Sandblast (safe; 4% risk of failure)
Press: ? - help, Q - select action, (/) - cycle Shift-Dir - straight line, f - endoplasm
Aim: an endoplasm (wandering, hasn't noticed you, 98% to hit)
The blast of sand hits the endoplasm!
You kill the endoplasm!
The dead are walking!
Found 6 gold pieces.
You swap places.
A gnoll comes into view.
It is wielding a +0 halberd. 3 gnolls come into view.
A giant cockroach comes into view.
Aiming: Sandblast (safe; 4% risk of failure)
Press: ? - help, Q - select action, (/) - cycle Shift-Dir - straight line, f - giant cockroach
Aim: a giant cockroach (82% to hit)
The blast of sand hits the giant cockroach.
The giant cockroach is moderately wounded.
The gnoll shouts! x2
The gnoll throws a throwing net.
The throwing net hits you.
You become entangled in the net!
Aiming: Sandblast (safe; 4% risk of failure)
Press: ? - help, Q - select action, (/) - cycle Shift-Dir - straight line, f/p - giant cockroach
Aim: a giant cockroach (moderately wounded, 82% to hit)
The blast of sand misses the giant cockroach.
The giant cockroach bites you.
You struggle against the net.
The gnoll hits your endoplasm zombie with a +0 spear.
The gnoll hits your endoplasm zombie with a +0 halberd!
Your endoplasm zombie is destroyed!
The giant cockroach bites you.
You struggle against the net.
The giant cockroach closely misses you.
You struggle against the net.
The giant cockroach barely misses you. The gnoll hits you with a +0 whip.
The gnoll hits you from afar with a +0 halberd.
The gnoll hits you from afar with a +0 spear.
The gnoll barely misses you.
You struggle against the net.
The giant cockroach bites you.
The gnoll hits you from afar with a +0 spear.
* * * LOW HITPOINT WARNING * * *
The gnoll hits you from afar with a +0 halberd!
You die...
Your body rises from the dead as a mindless zombie.

#.. ... ... .... #.# #.#
..... #..##.# #.# #...#
.....# #.# #...# ...#
#.# #...# ########.###.#
#...# #............#
#...#
#....g.g..##.###...# #
#....g.@..##..##...# #
#.....gB..##..##...#####
#.........##...#........
#.........##.#..##.#####
#........$##.##..#......
#.........##............
#.......#...###.###....#
#.......#... #.# #.....
.. #.# ####.#


You could see 4 gnolls and a giant cockroach.

Vanquished Creatures
  A dart slug (D:1)
  4 ball pythons (D:1)
  6 endoplasms
  A giant cockroach (D:1)
  4 goblins (D:1)
  A hobgoblin (D:1)
  2 quokkas (D:1)
  8 bats
  2 frilled lizards (D:1)
  2 kobolds
  3 rats (D:1)
34 creatures vanquished.

Vanquished Creatures (collateral kills)
  A kobold (D:1)
1 creature vanquished.

Vanquished Creatures (others)
  An endoplasm zombie (D:2)
1 creature vanquished.

Grand Total: 36 creatures vanquished

Notes
Turn   | Place    | Note
-------+----------+-------------------------------------------
     0 | D:1      | KennySheep the Naga Earth Elementalist began the quest for
                  | the Orb.
     0 | D:1      | Reached XP level 1. HP: 15/15 MP: 3/3
     1 | D:1      | Found a runed translucent door.
   435 | D:1      | Reached XP level 2. HP: 22/22 MP: 3/5
  1129 | D:1      | Found a faded altar of an unknown god.
  1135 | D:1      | Reached XP level 3. HP: 28/28 MP: 2/6
  1342 | D:1      | Prayed at the altar of an unknown god.
  1342 | D:1      | Became a worshipper of Yredelemnul the Dark
  1342 | D:1      | Reached * piety under Yredelemnul
  1492 | D:1      | Learned a level 2 spell: Passwall
  1773 | D:2      | Slain by a gnoll

Illustrated notes

Levels and vault maps discovered:
D:1:      dpeg_arrival_caged_fury, layout_loops_ring,
          shapermc_ecumenical_altar_starsandcircs
D:2:      layout_basic

Skill      XL: |  1  2 |
---------------+-------+-----
Transmutations | 2 |  2.3
Fighting       | |  0.1
Dodging        | |  1.5
Stealth        | |  3.1
Spellcasting   | |  2.0
Earth Magic    | |  3.7

Action                   || total
-------------------------++-------
Melee: Unarmed           ||     4
       Dagger            ||    41
 Cast: Sandblast         ||    36
  Use: Scroll            ||     3
Armor: Robe              ||    17
Dodge: Dodged            ||    49

Table legend: (Time is in decaauts)
 A = Elapsed time spent in this place.
 B = Non-inter-level travel time spent in this place.
 C = Inter-level travel time spent in this place.
 D = Time resting spent in this place.
 E = Time spent auto-exploring this place.
 F = Levels seen in this place.
 G = Mean time per level.
                   A        B        C        D        E       F      G
               +--------+--------+--------+--------+--------+-----+--------+
         Total |   2055 |   2032 |     23 |    495 |   1191 |   2 | 1027.5 |
       Dungeon |   2055 |   2032 |     23 |    495 |   1191 |   2 | 1027.5 |
               +--------+--------+--------+--------+--------+-----+--------+

Top non-repeatable levels by time:
     D:1: 1891 daAuts
     D:2: 164 daAuts
